[Event "Titled Tuesday Blitz January 03 Early 2023"]
[White "Skliarov, Viktor"]
[Black "Jovic, Stanoje"]
[WhiteFideId "14106736"]
[BlackFideId "905020"]
[WhiteElo "2383"]
[BlackElo "2075"]
[Result "0-1"]
[Round "11"]
[TimeControl "180+2"]
[Date "2023.01.03"]
[WhiteClock "0:00:06"]
[BlackClock "0:00:17"]

1. e4 c6 2. d4 d5 3. e5 c5 4. dxc5 e6 5. a3 Bxc5 6. b4 Be7 7. Qg4 g6 8. Bb2 Nc6 9. Nf3 Nh6 10. Qf4 Nf5 11. Bd3 g5 12. Qc1 g4 13. Nfd2 Nh4 14. O-O Ng6 15. f4 a5 16. b5 Qb6+ 17. Kh1 Nd4 18. Nc3 a4 19. Qe1 Nh4 20. f5 Nhxf5 21. Bxf5 Nxf5 22. Rxf5 exf5 23. Nxd5 Qd8 24. Nxe7 Qxe7 25. Nc4 O-O 26. Nb6 Be6 27. Nxa8 Rxa8 28. Rd1 Rc8 29. Qd2 Kg7 30. Bd4 Kg6 31. Be3 Qxa3 32. Qf2 Rc3 33. Bf4 g3 34. hxg3 Qc5 35. Qxc5 Rxc5 36. Ra1 Rxc2 37. Rxa4 Bd5 38. Kg1 Rxg2+ 39. Kf1 Rb2 40. Ra5 Rxb5 41. Rxb5 Bc4+ 42. Kf2 Bxb5 43. Ke3 Kh5 44. Kf3 Bc6+ 45. Kf2 Kg4 46. Bh6 b5 47. Bd2 h5 48. Bc1 b4 49. Bd2 b3 50. Bc1 Bd5 51. Bb2 f4 52. gxf4 Kxf4 53. Bc3 h4 54. Bb2 h3 55. Kg1 Kg3 56. e6 h2+ 57. Kf1 h1=Q+ 58. Ke2 Qe4+ 59. Kd2 Qc2+ 60. Ke1 Qxb2 61. exf7 Qe5+ 62. Kd2 Qf4+ 63. Kc3 Qxf7 64. Kb2 Qf6+ 65. Ka3 Qd6+ 66. Kb2 Qe5+ 67. Kb1 Be4+ 68. Kc1 Qc3+ 69. Kd1 Bf3# 0-1


[Site "https://www.chess.com"]

[Event "Titled Tuesday Blitz January 03 Early 2023"]
[White "Begunov, Konstantin"]
[Black "Gascon Del Nogal, Jose Rafael"]
[WhiteFideId "4118510"]
[BlackFideId "3902463"]
[WhiteElo "2325"]
[BlackElo "2459"]
[Result "0-1"]
[Round "11"]
[TimeControl "180+2"]
[Date "2023.01.03"]
[WhiteClock "0:00:11"]
[BlackClock "0:00:28"]

1. d4 Nf6 2. c4 g6 3. f3 Bg7 4. e4 d6 5. Nc3 O-O 6. Be3 c5 7. dxc5 dxc5 8. Qxd8 Rxd8 9. Bxc5 Nc6 10. Nd5 Nd7 11. Nxe7+ Nxe7 12. Bxe7 Re8 13. Ba3 f5 14. O-O-O fxe4 15. fxe4 Nf6 16. Bd3 Nxe4 17. Re1 Bf5 18. Nh3 Rac8 19. b3 Rcd8 20. Bc2 Bh6+ 21. Kb2 Rd2 22. g4 Bxg4 23. Bb4 Rxc2+ 24. Kxc2 Bxh3 25. Rhg1 Bf5 26. Kb2 Bg7+ 27. Ka3 a5 28. Bxa5 Ra8 29. b4 b6 30. Ka4 bxa5 31. bxa5 Bd7+ 32. Kb4 Bc3+ 33. Kb3 Bxe1 34. Rxe1 Bf5 35. Kb4 Rb8+ 36. Ka4 Nc3+ 37. Ka3 Ra8 38. Kb4 Nxa2+ 39. Kb5 Nc3+ 40. Kb6 Na4+ 41. Kb5 Bd7+ 42. Kb4 Rb8+ 43. Ka3 Nc5 44. Re5 Na6 45. Rd5 Bc6 46. Rd6 Rc8 47. Kb3 Kf7 48. c5 Nxc5+ 49. Kc4 Na6 50. Kb3 Ke7 51. Rd2 Rb8+ 52. Kc4 Rb5 53. Re2+ Kd6 54. Rd2+ Rd5 55. Re2 Rxa5 56. Rd2+ Bd5+ 57. Kc3 Ra3+ 58. Kd4 Nc5 59. Rf2 Ne6# 0-1


[Site "https://www.chess.com"]

[Event "Titled Tuesday Blitz January 03 Early 2023"]
[White "Renjith, Sravan"]
[Black "Hoffmann, Asa"]
[WhiteFideId "4306783"]
[BlackFideId "2001470"]
[WhiteElo "2172"]
[BlackElo "2185"]
[Result "1-0"]
[Round "11"]
[TimeControl "180+2"]
[Date "2023.01.03"]
[WhiteClock "0:02:06"]
[BlackClock "0:01:28"]

1. e4 d6 2. Ke2 Nf6 3. Nc3 c5 4. f3 Nc6 5. Kf2 g6 6. Nge2 Bg7 7. d3 O-O 8. Be3 b6 9. Qd2 e6 10. Rd1 d5 11. exd5 exd5 12. d4 Re8 13. dxc5 Be6 14. Nd4 Ne5 15. Bb5 bxc5 16. Nxe6 Rxe6 17. Nxd5 Nxd5 18. Qxd5 Qh4+ 19. g3 Qb4 20. Qxa8+ Bf8 21. Bh6 1-0


[Site "https://www.chess.com"]

[Event "Titled Tuesday Blitz January 03 Early 2023"]
[White "Kaminski, Victor"]
[Black "Sadykov, Ramil"]
[WhiteFideId "1131630"]
[BlackFideId "24113590"]
[WhiteElo "2247"]
[BlackElo "2345"]
[Result "0-1"]
[Round "11"]
[TimeControl "180+2"]
[Date "2023.01.03"]
[WhiteClock "0:00:13"]
[BlackClock "0:00:14"]

1. e4 c5 2. Nf3 d6 3. d4 cxd4 4. Nxd4 Nf6 5. Nc3 a6 6. Be2 e5 7. Nf3 h6 8. Nd2 Be6 9. Nc4 Nc6 10. O-O Be7 11. Ne3 O-O 12. a4 Nb4 13. Ned5 Nbxd5 14. exd5 Bf5 15. Be3 Rc8 16. a5 Nd7 17. Bg4 Bxg4 18. Qxg4 f5 19. Qh3 Rc4 20. f4 e4 21. Ne2 Bf6 22. c3 Nc5 23. Nd4 Bxd4 24. Bxd4 Nb3 25. Bb6 Qd7 26. Ra3 Qb5 27. Qe3 Rfc8 28. Qh3 Nd2 29. b3 Rxc3 30. Qxf5 Qxf1# 0-1


[Site "https://www.chess.com"]

[Event "Titled Tuesday Blitz January 03 Early 2023"]
[White "Ankerst, Mihael"]
[Black "Mihajlov, Sebastian"]
[WhiteFideId "14602369"]
[BlackFideId "1512110"]
[WhiteElo "2370"]
[BlackElo "2373"]
[Result "1-0"]
[Round "11"]
[TimeControl "180+2"]
[Date "2023.01.03"]
[WhiteClock "0:01:58"]
[BlackClock "0:01:02"]

1. e4 e5 2. Nf3 Nc6 3. Nc3 Nf6 4. d4 exd4 5. Nxd4 Bb4 6. Nxc6 bxc6 7. Bd3 d5 8. exd5 O-O 9. O-O cxd5 10. Bg5 c6 11. Ne2 h6 12. Bh4 Bd6 13. Nd4 Bd7 14. Qf3 Re8 15. Rfe1 Be5 16. c3 g5 17. Rxe5 Rxe5 18. Qg3 Nh5 19. Qxe5 1-0


[Site "https://www.chess.com"]

[Event "Titled Tuesday Blitz January 03 Early 2023"]
[White "Berezin, Viktor"]
[Black "Bryakin, Mikhail"]
[WhiteFideId "14107872"]
[BlackFideId "4165314"]
[WhiteElo "2307"]
[BlackElo "2455"]
[Result "0-1"]
[Round "11"]
[TimeControl "180+2"]
[Date "2023.01.03"]
[WhiteClock "0:00:11"]
[BlackClock "0:01:55"]

1. d4 g6 2. Nf3 Bg7 3. g3 f5 4. Bg2 Nf6 5. O-O d6 6. c4 O-O 7. Nc3 c6 8. Rb1 Qe8 9. d5 e5 10. dxc6 Nxc6 11. Qxd6 e4 12. Ng5 h6 13. Nh3 Be6 14. Nd5 Rd8 15. Nxf6+ Bxf6 16. Qc5 b6 17. Qa3 Kh7 18. b3 a5 19. Be3 Nd4 20. Nf4 Bf7 21. Bxd4 Bxd4 22. Rfd1 Bc5 23. Qb2 e3 24. f3 g5 25. Qf6 gxf4 26. gxf4 Bg6 27. Qh4 Qe7 28. Qe1 Rd2 29. Kh1 Rfd8 30. Bh3 Qd6 31. Rdc1 Qxf4 32. Qg1 Rxe2 33. Rf1 Rdd2 34. Rbd1 Rxh2+ 0-1


[Site "https://www.chess.com"]

[Event "Titled Tuesday Blitz January 03 Early 2023"]
[White "Garv Gaur"]
[Black "Samunenkov, Ihor"]
[WhiteFideId "45030839"]
[BlackFideId "14187086"]
[WhiteElo "2006"]
[BlackElo "2501"]
[Result "0-1"]
[Round "11"]
[TimeControl "180+2"]
[Date "2023.01.03"]
[WhiteClock "0:00:06"]
[BlackClock "0:00:09"]

1. d4 d5 2. Nf3 e6 3. c4 a6 4. cxd5 exd5 5. Nc3 Nf6 6. Bg5 Be6 7. e3 Nbd7 8. Bd3 Bd6 9. Qc2 c6 10. O-O Qc7 11. Bh4 O-O 12. Rae1 Bg4 13. Bg3 Bxg3 14. hxg3 Rfe8 15. e4 dxe4 16. Nxe4 Nxe4 17. Bxe4 Nf6 18. Bf5 Bxf3 19. gxf3 g6 20. Be4 Rad8 21. d5 c5 22. Rd1 Qd6 23. Rfe1 b5 24. f4 c4 25. Bf3 Nd7 26. Qc3 Nc5 27. Re5 Nd3 28. Re3 Rxe3 29. fxe3 Qb6 30. Rxd3 cxd3 31. Qxd3 Qc5 32. Kf2 Qc1 33. Qd4 Rc8 34. d6 Rc2+ 35. Be2 Qxb2 36. d7 Rxe2+ 37. Kf3 Rf2+ 38. Kg4 Qe2+ 39. Kg5 Qh5+ 40. Kf6 Qf5+ 41. Ke7 Qe6+ 42. Kd8 Rc2 43. g4 Rc6 44. f5 gxf5 45. gxf5 Qxf5 46. e4 Qg5+ 47. Ke8 Re6# 0-1


[Site "https://www.chess.com"]

[Event "Titled Tuesday Blitz January 03 Early 2023"]
[White "Zhuravlev, Alexey"]
[Black "Tanenbaum, Zachary"]
[WhiteFideId "4164199"]
[BlackFideId "2060850"]
[WhiteElo "2359"]
[BlackElo "2261"]
[Result "0-1"]
[Round "11"]
[TimeControl "180+2"]
[Date "2023.01.03"]
[WhiteClock "0:01:32"]
[BlackClock "0:01:20"]

1. e4 e5 2. Nc3 Nc6 3. g3 Nf6 4. Bg2 Bc5 5. Nge2 d6 6. O-O a6 7. d3 Be6 8. h3 O-O 9. Kh2 d5 10. f4 exf4 11. Nxf4 dxe4 12. Nxe6 fxe6 13. Nxe4 Nxe4 14. Bxe4 Qe7 15. Bf4 e5 16. Bd2 Rxf1 17. Qxf1 Rf8 18. Qd1 Rf2+ 19. Bg2 Nd4 20. Kh1 Ne2 21. Be1 Nxg3+ 22. Kh2 Nf1+ 23. Kh1 Rxg2 0-1


[Site "https://www.chess.com"]

[Event "Titled Tuesday Blitz January 03 Early 2023"]
[White "Krivonosov, Oleg"]
[Black "Herman, Daniel"]
[WhiteFideId "11600349"]
[BlackFideId "30935008"]
[WhiteElo "2359"]
[BlackElo "1956"]
[Result "1-0"]
[Round "11"]
[TimeControl "180+2"]
[Date "2023.01.03"]
[WhiteClock "0:00:23"]
[BlackClock "0:00:07"]

1. Nf3 d5 2. d4 Nf6 3. c4 e6 4. g3 Bb4+ 5. Bd2 Be7 6. Bg2 O-O 7. O-O c6 8. Qc2 b6 9. Bf4 Nbd7 10. Rd1 Bb7 11. Ne5 Nxe5 12. dxe5 Nd7 13. cxd5 cxd5 14. e4 dxe4 15. Nc3 Qc8 16. Bxe4 Bxe4 17. Qxe4 Nc5 18. Qf3 Rd8 19. Rxd8+ Qxd8 20. Rd1 Qe8 21. b4 Na6 22. a3 Nc7 23. Qb7 Qc8 24. Qc6 Ne8 25. Qf3 g6 26. h4 h5 27. Ne4 Ng7 28. Nd6 Qf8 29. Qb7 Rd8 30. Rc1 Nf5 31. Nxf5 exf5 32. Rc7 Rd1+ 33. Kg2 Bd8 34. Rc8 a5 35. Qa8 Kh7 36. Bg5 Qe8 37. Rxd8 Qxe5 38. Rxd1 1-0


[Site "https://www.chess.com"]

[Event "Titled Tuesday Blitz January 03 Early 2023"]
[White "Khubukshanov, Erdem"]
[Black "Gheorghiu, Calin"]
[WhiteFideId "54114527"]
[BlackFideId "1200305"]
[WhiteElo "2382"]
[BlackElo "2313"]
[Result "1-0"]
[Round "11"]
[TimeControl "180+2"]
[Date "2023.01.03"]
[WhiteClock "0:00:26"]
[BlackClock "0:00:39"]

1. g3 e5 2. c4 Nc6 3. Bg2 Nf6 4. Nc3 Bb4 5. Nd5 Nxd5 6. cxd5 Ne7 7. a3 Bc5 8. e3 O-O 9. Ne2 d6 10. d4 exd4 11. Nxd4 Re8 12. O-O Nf5 13. Ne2 h5 14. h3 h4 15. g4 Ne7 16. b4 Bb6 17. Bb2 Ng6 18. Nd4 a5 19. Qc2 axb4 20. axb4 Rxa1 21. Rxa1 Ne5 22. Ra8 Qe7 23. Nb5 Bd7 24. Rxe8+ Qxe8 25. Nxc7 Qc8 26. Bxe5 Bxc7 27. Bd4 Qd8 28. Bf1 Bb6 29. Qe4 Bxd4 30. Qxd4 Qc7 31. Bd3 Qc1+ 32. Kg2 Qe1 33. Qb6 Qd1 34. Qd8+ 1-0


[Site "https://www.chess.com"]

[Event "Titled Tuesday Blitz January 03 Early 2023"]
[White "Khamdamova, Afruza"]
[Black "Diaz Villagran, Robert"]
[WhiteFideId "14210444"]
[BlackFideId "3404056"]
[WhiteElo "2162"]
[BlackElo "2315"]
[Result "1-0"]
[Round "11"]
[TimeControl "180+2"]
[Date "2023.01.03"]
[WhiteClock "0:01:25"]
[BlackClock "0:00:32"]

1. e4 e6 2. d4 d5 3. Nd2 Nc6 4. Ngf3 Nf6 5. e5 Nd7 6. Bd3 Nb4 7. Be2 c5 8. c3 Nc6 9. O-O cxd4 10. cxd4 Qb6 11. Nb3 a5 12. Be3 a4 13. Nc1 Be7 14. Nd3 O-O 15. Rc1 a3 16. b3 Nb4 17. Nxb4 Bxb4 18. Bd3 Re8 19. Bxh7+ Kxh7 20. Ng5+ Kg6 21. h4 Rh8 22. Qg4 f5 23. Qg3 Rh5 24. Nxe6+ Kf7 25. Qxg7+ Kxe6 26. Qg6+ Ke7 27. Qxh5 Qe6 28. Bg5+ Kf8 29. Qh8+ Kf7 30. Rxc8 Rxc8 31. Qxc8 Nf8 32. Qxb7+ Kg6 33. Qxb4 Nh7 34. Rc1 f4 35. Qb7 Nxg5 36. Rc6 Nf3+ 37. gxf3 Kh5 38. Rxe6 Kxh4 39. Qh7+ Kg5 40. Qg6+ Kh4 41. Qg4# 1-0


[Site "https://www.chess.com"]

[Event "Titled Tuesday Blitz January 03 Early 2023"]
[White "Karttunen, Mika"]
[Black "Vysochin, Spartak"]
[WhiteFideId "502081"]
[BlackFideId "14103516"]
[WhiteElo "2490"]
[BlackElo "2512"]
[Result "0-1"]
[Round "11"]
[TimeControl "180+2"]
[Date "2023.01.03"]
[WhiteClock "0:00:16"]
[BlackClock "0:00:34"]

1. e4 e6 2. d4 d5 3. Nc3 Bb4 4. e5 Ne7 5. h4 c5 6. a3 Bxc3+ 7. bxc3 Qc7 8. h5 h6 9. Nf3 b6 10. Bb5+ Bd7 11. Bd3 Ba4 12. Bf4 Nbc6 13. Qd2 c4 14. Be2 O-O-O 15. g4 Kb7 16. Bg3 Qd7 17. Nh4 Rdf8 18. f4 f5 19. gxf5 Nxf5 20. Nxf5 Rxf5 21. Bg4 Rf7 22. Bh4 Rhf8 23. O-O Ne7 24. Bxe7 Qxe7 25. Qh2 Be8 26. Kh1 Rf5 27. Rf3 R8f7 28. a4 a5 29. Kg1 Qf8 30. Bxf5 Rxf5 31. Kf2 Bxh5 32. Rg3 Rxf4+ 33. Kg1 Qf7 34. Qg2 g5 35. Rf1 Bg6 36. Rxf4 Qxf4 37. Rf3 Qc1+ 38. Rf1 Qe3+ 39. Qf2 Qxc3 40. Qf6 Qg3+ 41. Kh1 Be4+ 0-1


[Site "https://www.chess.com"]

[Event "Titled Tuesday Blitz January 03 Early 2023"]
[White "Pinheiro, Iung Alicio de O."]
[Black "Kopczynski, Michal"]
[WhiteFideId "2104350"]
[BlackFideId "1124200"]
[WhiteElo "2306"]
[BlackElo "2225"]
[Result "1-0"]
[Round "11"]
[TimeControl "180+2"]
[Date "2023.01.03"]
[WhiteClock "0:00:10"]
[BlackClock "0:00:06"]

1. e4 b6 2. d4 Bb7 3. Bd3 e6 4. Nf3 Nf6 5. Qe2 d5 6. e5 Nfd7 7. O-O c5 8. c3 Nc6 9. a3 Qc7 10. Nbd2 O-O-O 11. Ng5 Ndb8 12. dxc5 bxc5 13. f4 h6 14. Ngf3 Re8 15. c4 f6 16. b4 cxb4 17. Kh1 bxa3 18. Bxa3 Bxa3 19. Rxa3 d4 20. Rb1 fxe5 21. fxe5 Rhf8 22. Rab3 Ba8 23. c5 Nd7 24. Nc4 Nxc5 25. Nd6+ Kd8 26. Rb5 Nxd3 27. Nxe8 Kxe8 28. Qxd3 Rf4 29. Qg6+ Kf8 30. Qxe6 a5 31. h3 a4 32. Qg6 a3 33. e6 a2 34. Ra1 Ne7 35. Qd3 Rxf3 36. gxf3 Qg3 37. Rf5+ Kg8 38. Rxa2 Qxh3+ 39. Kg1 Bc6 40. Rf7 Nd5 41. Qxd4 Qg3+ 42. Kf1 Bb5+ 43. Re2 Qh3+ 44. Ke1 Qg3+ 45. Kd2 Qg5+ 46. f4 Nxf4 47. Qxf4 Qd5+ 48. Ke1 Bxe2 49. Rf8+ Kh7 50. Qf5+ Qxf5 51. Rxf5 Bg4 52. e7 Bxf5 53. e8=Q Bg6 54. Qe7 h5 55. Kf2 Kh6 56. Kg3 Bh7 57. Kh4 g5+ 58. Qxg5# 1-0


[Site "https://www.chess.com"]

[Event "Titled Tuesday Blitz January 03 Early 2023"]
[White "Blanco Acevedo, Cristobal Jose"]
[Black "Cnejev, Vladimir-Alexandru"]
[WhiteFideId "3900525"]
[BlackFideId "1260898"]
[WhiteElo "2310"]
[BlackElo "2374"]
[Result "1-0"]
[Round "11"]
[TimeControl "180+2"]
[Date "2023.01.03"]
[WhiteClock "0:00:15"]
[BlackClock "0:00:04"]

1. e4 e5 2. Nf3 Nc6 3. Bb5 a6 4. Ba4 b5 5. Bb3 Bb7 6. c3 Be7 7. O-O Nf6 8. Re1 O-O 9. d4 d6 10. d5 Na5 11. Bc2 Nc4 12. b3 Nb6 13. Nbd2 c6 14. c4 Qc7 15. Bd3 Bc8 16. Nf1 Bd7 17. Ng3 Rfc8 18. Bg5 h6 19. Bd2 bxc4 20. bxc4 a5 21. Rc1 Bf8 22. Nh4 cxd5 23. cxd5 Qd8 24. Nhf5 Rxc1 25. Qxc1 Na4 26. Qa3 Nc5 27. Bb1 a4 28. Qf3 Rb8 29. h3 Rb2 30. Be3 Rb5 31. Bc2 Kh8 32. Rb1 Rxb1+ 33. Bxb1 Ng8 34. Ne2 g6 35. Nfg3 Kg7 36. Nc3 Na6 37. Qd1 Qa5 38. Bd2 Nc5 39. Nge2 Nf6 40. f3 Qb6 41. Be3 Qb4 42. Bc2 Be7 43. Qb1 Qxb1+ 44. Bxb1 Bd8 45. Bc2 a3 46. Nc1 Ba5 47. Nb1 Bb4 48. Nb3 Nxb3 49. Bxb3 Bb5 50. Bc1 Nd7 51. Nxa3 Ba6 52. Nc4 Nc5 53. Kf2 h5 54. Ke2 Nxb3 55. axb3 Kf8 56. Kd3 Ke7 57. Bd2 Bc5 58. Ba5 Bd4 59. Bc3 Bc5 60. Kc2 Kd7 61. Bd2 Bf2 62. Kd3 Bd4 63. Be3 Bb2 64. Kc2 Ba1 65. Bd2 Bd4 66. Bc3 Bxc4 67. bxc4 Bxc3 68. Kxc3 Kc7 69. Kb4 Kb6 70. h4 f6 71. g3 g5 72. Kb3 gxh4 73. gxh4 Kc5 74. Kc3 Kb6 75. Kb4 Kc7 76. c5 Kd7 77. c6+ Kc7 78. Kb5 1-0


[Site "https://www.chess.com"]

[Event "Titled Tuesday Blitz January 03 Early 2023"]
[White "Ibadov, Dashgyn"]
[Black "Florescu, Codrut-Constantin"]
[WhiteFideId "24107514"]
[BlackFideId "1202200"]
[WhiteElo "2391"]
[BlackElo "2259"]
[Result "1-0"]
[Round "11"]
[TimeControl "180+2"]
[Date "2023.01.03"]
[WhiteClock "0:00:20"]
[BlackClock "0:01:23"]

1. d4 Nf6 2. c4 e6 3. Nf3 b6 4. Nc3 Bb7 5. g3 Bb4 6. Bg2 Bxc3+ 7. bxc3 O-O 8. O-O Be4 9. Re1 d6 10. Bf1 Nbd7 11. Nd2 Bb7 12. e4 e5 13. d5 h6 14. Nf3 Nc5 15. Qc2 a5 16. Nh4 Bc8 17. f3 Re8 18. Be3 Bd7 19. Qf2 Qe7 20. g4 Nh7 21. Ng2 Ng5 22. Qg3 Nh7 23. h4 f6 24. Bf2 Reb8 25. Ne3 Nf8 26. Nf5 Bxf5 27. gxf5 Kh7 28. Kh2 Qf7 29. Be3 g6 30. Bh3 g5 31. hxg5 fxg5 32. Bxg5 hxg5 33. Qxg5 Qg7 34. Qh5+ Qh6 35. Qf7+ Kh8 36. Rg1 Nd3 37. Qg8# 1-0


[Site "https://www.chess.com"]

[Event "Titled Tuesday Blitz January 03 Early 2023"]
[White "Krienke, Makaio"]
[Black "Hnydiuk, Aleksander"]
[WhiteFideId "2038854"]
[BlackFideId "1109057"]
[WhiteElo "2115"]
[BlackElo "2363"]
[Result "1-0"]
[Round "11"]
[TimeControl "180+2"]
[Date "2023.01.03"]
[WhiteClock "0:01:04"]
[BlackClock "0:01:52"]

1. e4 g6 2. d4 Bg7 3. Be3 d5 4. exd5 Nf6 5. c4 b5 6. Nc3 bxc4 7. Bxc4 O-O 8. h3 Nbd7 9. Nge2 Nb6 10. Qd3 a5 11. O-O Nxc4 12. Qxc4 Ba6 13. Qc5 Rb8 14. Qxa5 Bxe2 15. Nxe2 Rxb2 16. Nf4 Qa8 17. Qxc7 Nxd5 18. Nxd5 Qxd5 19. Qxe7 Rxa2 20. Rxa2 Qxa2 21. Rd1 Qe6 22. Qb7 Rd8 23. d5 Qd7 24. Qb6 h5 25. Bg5 Re8 26. d6 Re6 27. Be7 Be5 28. Qb8+ Kh7 29. Qf8 1-0


[Site "https://www.chess.com"]

[Event "Titled Tuesday Blitz January 03 Early 2023"]
[White "Omelja, Artem"]
[Black "Valle Maytin, Luis Enrique"]
[WhiteFideId "14119846"]
[BlackFideId "3503666"]
[WhiteElo "2446"]
[BlackElo "2241"]
[Result "1-0"]
[Round "11"]
[TimeControl "180+2"]
[Date "2023.01.03"]
[WhiteClock "0:01:50"]
[BlackClock "0:00:20"]

1. e4 c6 2. Ne2 d5 3. e5 c5 4. d4 Nc6 5. dxc5 e6 6. c3 Bxc5 7. b4 Bb6 8. f4 Nh6 9. a4 a5 10. b5 Nb8 11. Ba3 Nf5 12. Ng3 Qh4 13. Qf3 Nd7 14. Bd3 Nxg3 15. Qxg3 Qxg3+ 16. hxg3 h6 17. Nd2 Nc5 18. Bc2 Bd7 19. Nb3 Nxb3 20. Bxb3 Rc8 21. Kd2 f6 22. Rae1 Kf7 23. Rhf1 f5 24. g4 g6 25. gxf5 gxf5 26. g4 fxg4 27. f5 exf5 28. Bxd5+ Be6 29. Rxf5+ Kg6 30. Bxe6 Rcd8+ 31. Kc2 g3 32. Rf6+ Kg5 33. Bc1+ Kh4 34. Rh1# 1-0


[Site "https://www.chess.com"]

[Event "Titled Tuesday Blitz January 03 Early 2023"]
[White "Melian, Juan Sebastian"]
[Black "Sadovsky, Artem"]
[WhiteFideId "3706575"]
[BlackFideId "4155840"]
[WhiteElo "2293"]
[BlackElo "2276"]
[Result "0-1"]
[Round "11"]
[TimeControl "180+2"]
[Date "2023.01.03"]
[WhiteClock "0:00:03"]
[BlackClock "0:00:28"]

1. d4 g6 2. c4 Bg7 3. Nc3 d6 4. e4 e5 5. Nge2 Nc6 6. Be3 f5 7. dxe5 Nxe5 8. Ng3 fxe4 9. Ngxe4 Nf6 10. Be2 Nxe4 11. Nxe4 O-O 12. O-O Bf5 13. Ng3 Be6 14. Rc1 Qd7 15. Bd4 Rae8 16. b3 Qf7 17. h3 a5 18. Qd2 b6 19. f4 Nc6 20. Bxg7 Qxg7 21. Rcd1 Bd7 22. Bf3 Nd8 23. Rde1 Kh8 24. Kh2 Ne6 25. Bd5 Qd4 26. Qc1 Nxf4 27. Rxe8 Bxe8 28. Ne2 Qe5 29. Nxf4 g5 30. g3 gxf4 31. Rxf4 Rxf4 32. Qxf4 Qxf4 33. gxf4 Bg6 34. a3 c5 35. Kg3 Bc2 36. Kg4 Bxb3 37. Kf5 b5 38. Ke6 Bxc4 39. Kxd6 Bxd5 40. Kxd5 b4 41. axb4 cxb4 42. Ke6 b3 43. f5 b2 44. f6 b1=Q 45. f7 Qb4 46. h4 Qf8 47. h5 h6 48. Kf6 a4 49. Kg6 a3 50. Kf5 a2 51. Kg6 a1=Q 52. Kf5 0-1


[Site "https://www.chess.com"]

[Event "Titled Tuesday Blitz January 03 Early 2023"]
[White "Md, Imran"]
[Black "Goltseva, Ekaterina"]
[WhiteFideId "25748580"]
[BlackFideId "24173770"]
[WhiteElo "2284"]
[BlackElo "2283"]
[Result "1-0"]
[Round "11"]
[TimeControl "180+2"]
[Date "2023.01.03"]
[WhiteClock "0:01:29"]
[BlackClock "0:00:04"]

1. e4 c5 2. Nf3 e6 3. d4 cxd4 4. Nxd4 Nf6 5. Nc3 Nc6 6. Ndb5 Bc5 7. Nd6+ Ke7 8. Bf4 e5 9. Nf5+ Kf8 10. Be3 Bb4 11. Bd3 d5 12. exd5 Nxd5 13. O-O Nxc3 14. bxc3 Bxc3 15. Rb1 h5 16. h4 Bxf5 17. Bxf5 b6 18. g3 Bd4 19. Qf3 Qf6 20. Bg5 Qd6 21. Rbd1 f6 22. Be3 Qc5 23. Bd7 Ke7 24. Bxc6 Bxe3 25. Bxa8 Bd4 26. Be4 Rd8 27. c3 Bxc3 28. Rxd8 Kxd8 29. Qxh5 Bd4 30. Kg2 Qa3 31. Qf7 a5 32. Bf5 Qa4 33. Rc1 Bc5 34. Rxc5 bxc5 35. Qf8+ Kc7 36. Qxc5+ Kb8 37. Qb6+ Ka8 38. f3 Qxa2+ 39. Kh3 Qe2 40. Be4+ Qxe4 41. fxe4 a4 42. Qa5+ Kb7 43. Qxa4 1-0


[Site "https://www.chess.com"]

[Event "Titled Tuesday Blitz January 03 Early 2023"]
[White "Sielecki, Christof"]
[Black "Ansh M Shah"]
[WhiteFideId "4620437"]
[BlackFideId "25033379"]
[WhiteElo "2419"]
[BlackElo "2171"]
[Result "1-0"]
[Round "11"]
[TimeControl "180+2"]
[Date "2023.01.03"]
[WhiteClock "0:00:22"]
[BlackClock "0:00:12"]

1. e4 c6 2. d4 d5 3. exd5 cxd5 4. Bd3 Nc6 5. c3 Qc7 6. h3 Nf6 7. Nf3 g6 8. O-O Bg7 9. Re1 O-O 10. Ne5 Nxe5 11. Rxe5 Be6 12. Nd2 Ne4 13. Rxe6 fxe6 14. Nxe4 dxe4 15. Bxe4 e5 16. d5 Rad8 17. Qe2 Qd6 18. Be3 e6 19. dxe6 Qxe6 20. Qb5 b6 21. a4 Kh8 22. c4 Rd4 23. Bxd4 exd4 24. Bd3 Qf6 25. Rf1 Qf4 26. Qb3 Be5 27. g3 Qf6 28. Qd1 Qg5 29. Kg2 Bg7 30. Qg4 Qf6 31. Qe4 a5 32. h4 Qf7 33. h5 Re8 34. hxg6 Qxg6 35. Qxg6 hxg6 36. Kf3 Re6 37. Rh1+ Kg8 38. Rh4 Kf7 39. c5 bxc5 40. Bc4 d3 41. Bxe6+ Kxe6 42. Ke3 Bd4+ 43. Kxd3 Bxf2 44. Rg4 Kf5 45. Rf4+ Ke5 46. Rxf2 Kd5 47. b3 g5 48. g4 c4+ 49. bxc4+ Kc5 50. Kc3 Kd6 51. Rf5 Ke6 52. Rxg5 Kf6 53. Rf5+ Kg6 54. c5 Kh6 55. c6 Kg6 56. c7 Kh6 57. c8=Q Kg6 58. Qe6+ Kh7 59. Rf7+ Kg8 60. Qe8# 1-0


[Site "https://www.chess.com"]

[Event "Titled Tuesday Blitz January 03 Early 2023"]
[White "Degenbaev, Aziz"]
[Black "Turzo, Attila"]
[WhiteFideId "13802640"]
[BlackFideId "704954"]
[WhiteElo "2203"]
[BlackElo "2279"]
[Result "0-1"]
[Round "11"]
[TimeControl "180+2"]
[Date "2023.01.03"]
[WhiteClock "0:00:17"]
[BlackClock "0:00:22"]

1. g3 d5 2. f4 Nf6 3. Bg2 g6 4. Nf3 Bg7 5. O-O O-O 6. d3 c5 7. Qe1 d4 8. Na3 Nc6 9. Bd2 Rb8 10. h3 Nd5 11. g4 b6 12. Nc4 Bb7 13. Qh4 e6 14. Qg3 f5 15. Ng5 Qd7 16. Rae1 b5 17. Na3 a6 18. Nb1 Rbe8 19. c3 e5 20. fxe5 Nxe5 21. cxd4 cxd4 22. gxf5 Rxf5 23. Rxf5 Qxf5 24. Rf1 Qd7 25. h4 Nf6 26. Bf4 Nh5 27. Qh3 Qxh3 28. Bxh3 Nxf4 29. Rxf4 Bd5 30. Nd2 Bxa2 31. Rxd4 h6 32. Nge4 Nc4 33. Rd7 Nxd2 34. Nxd2 Rxe2 35. Ne4 Rxb2 36. Rd8+ Kh7 37. Rd7 h5 38. Ng5+ Kh6 39. Rd6 Rb1+ 40. Kf2 Rb4 41. Bf5 Rf4+ 42. Ke3 Rxf5 43. Rxa6 Re5+ 44. Kf4 Rf5+ 45. Ke3 Bd5 46. Rd6 b4 47. Rb6 b3 48. Rb8 b2 49. Rb4 Rf1 50. Rxb2 Bxb2 51. Kd2 Bc1+ 52. Kc2 Bxg5 53. hxg5+ Kxg5 54. Kc3 Rf5 55. Kd4 h4 56. Kc5 h3 57. Kd6 h2 58. Kc7 h1=Q 59. Kd8 Qh7 60. Kc8 Rf8# 0-1


[Site "https://www.chess.com"]

[Event "Titled Tuesday Blitz January 03 Early 2023"]
[White "Parpiev, Isaak"]
[Black "Ljukin, Sergei"]
[WhiteFideId "34281576"]
[BlackFideId "14102200"]
[WhiteElo "2167"]
[BlackElo "2362"]
[Result "0-1"]
[Round "11"]
[TimeControl "180+2"]
[Date "2023.01.03"]
[WhiteClock "0:00:27"]
[BlackClock "0:01:30"]

1. Nf3 d5 2. g3 Nc6 3. Bg2 e5 4. O-O Bg4 5. h3 Be6 6. d3 f6 7. e4 Qd7 8. exd5 Bxd5 9. Nc3 Be6 10. Kh2 O-O-O 11. Be3 g5 12. Nd2 Nge7 13. a3 Nf5 14. b4 Nxe3 15. fxe3 Be7 16. Nb5 Kb8 17. Qe2 h5 18. Ne4 f5 19. Nc5 Bxc5 20. bxc5 h4 21. g4 fxg4 22. hxg4 Bxg4 23. Qf2 Be6 24. d4 g4 25. Qf6 g3+ 26. Kg1 h3 27. Be4 Bd5 28. Qf4 exf4 0-1


[Site "https://www.chess.com"]

[Event "Titled Tuesday Blitz January 03 Early 2023"]
[White "Cella, Glaucio Dalla Cortt"]
[Black "Le Ruyet, Leopold"]
[WhiteFideId "2119455"]
[BlackFideId "645923"]
[WhiteElo "1894"]
[BlackElo "2245"]
[Result "1/2-1/2"]
[Round "11"]
[TimeControl "180+2"]
[Date "2023.01.03"]
[WhiteClock "0:00:04"]
[BlackClock "0:00:04"]

1. e4 d6 2. Nf3 Nf6 3. Nc3 e5 4. Bc4 Be7 5. h3 O-O 6. g4 c6 7. d3 d5 8. Bb3 dxe4 9. Nxe4 Nxe4 10. dxe4 Qxd1+ 11. Kxd1 Bd6 12. Be3 a5 13. a4 Na6 14. Ke2 Nc5 15. Bxc5 Bxc5 16. Nxe5 Bd4 17. Nd3 Re8 18. c3 Ba7 19. e5 Bb8 20. f4 g5 21. fxg5 Bxe5 22. Kf3 Bd6 23. Rae1 Be6 24. Bxe6 fxe6 25. Re4 Rf8+ 26. Ke2 Rae8 27. h4 b5 28. axb5 cxb5 29. Rh3 Rf7 30. Rhe3 Rfe7 31. Nf4 Bxf4 32. Rxf4 e5 33. Rf5 a4 34. Kf3 b4 35. cxb4 Rb7 36. Rexe5 Rxe5 37. Rxe5 Rxb4 38. Re2 Rb3+ 39. Kf4 a3 40. bxa3 Rxa3 41. h5 Ra4+ 42. Kg3 Kg7 43. Re7+ Kg8 44. Kh4 Ra1 45. g6 hxg6 46. hxg6 Ra5 47. Rb7 Rc5 48. Re7 Ra5 49. Rf7 Rb5 50. Rf5 Rb1 51. Kg5 Ra1 52. Rb5 Rc1 53. Rb7 Rc5+ 54. Kh6 Rc8 55. Rg7+ Kh8 56. Rh7+ Kg8 57. g5 Ra8 58. g7 Ra6+ 59. g6 Rxg6+ 60. Kxg6 1/2-1/2


[Site "https://www.chess.com"]